TOP OF THE 1ST |
Chicago Orphans batting - Pitching for Cleveland Spiders : LHP Ed Morris
|
Pitching: LHP Ed Morris
|
|
Batting: RHB Bill Dahlen
|
0-0: Ball 1-0: Ball 2-0: Foul Ball, location: 3FF 2-1: Foul Ball, location: 2F 2-2: Foul Ball, location: 3DF 2-2: Ground out 5-3 (Groundball, 56, EV 161 KM/H)
|
Batting: RHB Nat Hudson
|
0-0: Foul Ball, location: 3FF 0-1: Foul Ball, location: 23F 0-2: Ball 1-2: Ground out 6-3 (Groundball, 6M, EV 128 KM/H)
|
Batting: RHB Bill Lange
|
0-0: Foul Ball, location: 2F 0-1: Called Strike 0-2: SINGLE (Groundball, 56D, EV 171 KM/H)
|
Batting: RHB Ace Stewart
|
0-0: Called Strike 0-1: Ball 1-1: Foul Ball, location: 5F 1-2: Ground out 4-3 (Groundball, 4, EV 143 KM/H)
|
Top of the 1st over - 0 runs, 1 hit, 0 errors, 1 left on base; Chicago 0 - Cleveland 0 |
BOTTOM OF THE 1ST |
Cleveland Spiders batting - Pitching for Chicago Orphans : RHP Nat Hudson
|
Pitching: RHP Nat Hudson
|
|
Batting: LHB Mike Smith
|
0-0: Foul Ball, location: 2F 0-1: Swinging Strike 0-2: Ball 1-2: Foul Ball, location: 9LDF 1-2: Ground out 4-3 (Groundball, 4MD, EV 167 KM/H)
|
Batting: SHB Claude Ritchey
|
0-0: Ball 1-0: Ball 2-0: Ball 3-0: Base on Balls
|
Batting: SHB George Davis
|
0-0: Foul Ball, location: 3FF 0-1: Ball 1-1: Called Strike 1-2: SINGLE (Groundball, 6MD, EV 176 KM/H) Claude Ritchey to second Claude Ritchey to third
|
Batting: LHB Emmet Heidrick
|
0-0: Fielders Choice at 2nd, 1-4 (Groundball, 15S, EV 118 KM/H)
|
Batting: RHB Ed McFarland
|
0-0: Called Strike 0-1: Ball 1-1: Hit by Pitch Emmet Heidrick to second
|
Batting: LHB Heinie Reitz
|
0-0: Foul Ball, location: 7LMF 0-1: Swinging Strike 0-2: Foul Ball, location: 9LSF 0-2: Ball 1-2: SINGLE (Line Drive, 78M, EV 158 KM/H) Claude Ritchey scores Emmet Heidrick to third Ed McFarland to second Runner from 3rd tries for Home, SAFE, throw by LF to home
|
Batting: RHB Ed McKean
|
0-0: Called Strike 0-1: Ball 1-1: Ball 2-1: Called Strike 2-2: Foul Ball, location: 7LSF 2-2: SINGLE (Line Drive, 78S, EV 147 KM/H) Ed McFarland to third Heinie Reitz to second Runner from 3rd tries for Home, SAFE, throw by LF to home
|
Batting: RHB Jason Roger
|
0-0: Ball 1-0: Ball 2-0: Swinging Strike 2-1: Foul Ball, location: 2F 2-2: Ground out 4-3 (Groundball, 4S, EV 136 KM/H)
|
Bottom of the 1st over - 3 runs, 3 hits, 0 errors, 2 left on base; Chicago 0 - Cleveland 3 |
TOP OF THE 2ND |
Chicago Orphans batting - Pitching for Cleveland Spiders : LHP Ed Morris
|
Batting: LHB Mike Slattery
|
0-0: Swinging Strike 0-1: SINGLE (Groundball, 25, EV 103 KM/H) (infield hit)
|
Batting: LHB Charlie Irwin
|
0-0: Called Strike 0-1: Called Strike 0-2: SINGLE (Line Drive, 7LM, EV 165 KM/H) Mike Slattery to second
|
Batting: RHB Jake Stenzel
|
0-0: Fly out, F6 (Line Drive, 6, EV 119 KM/H)
|
Batting: LHB Danny Green
|
0-0: Fielders Choice at 2nd, 3-6 (Groundball, 3, EV 155 KM/H) Mike Slattery to third
|
Batting: RHB Bill Hallman
|
0-0: Ball 1-0: Ball 2-0: Called Strike 2-1: Ball 3-1: Base on Balls Danny Green to second
|
Batting: RHB Bill Dahlen
|
0-0: Ball 1-0: Ground out 6-3 (Groundball, 56, EV 145 KM/H)
|
Top of the 2nd over - 0 runs, 2 hits, 0 errors, 3 left on base; Chicago 0 - Cleveland 3 |
BOTTOM OF THE 2ND |
Cleveland Spiders batting - Pitching for Chicago Orphans : RHP Nat Hudson
|
Batting: SHB Ed Morris
|
0-0: Ball 1-0: Called Strike 1-1: Foul Ball, location: 7LMF 1-2: Foul Ball, location: 2F 1-2: Ball 2-2: Foul Ball, location: 2F 2-2: Strikes out swinging
|
Batting: LHB Mike Smith
|
0-0: Ball 1-0: Foul Ball, location: 5FF 1-1: Ball 2-1: Ball 3-1: Called Strike 3-2: Ground out 5-3 (Groundball, 5L, EV 164 KM/H)
|
Batting: SHB Claude Ritchey
|
0-0: TRIPLE (Line Drive, 89XD, EV 168 KM/H)
|
Batting: SHB George Davis
|
0-0: Fly out, F8 (Flyball, 8RD, EV 159 KM/H)
|
Bottom of the 2nd over - 0 runs, 1 hit, 0 errors, 1 left on base; Chicago 0 - Cleveland 3 |
TOP OF THE 3RD |
Chicago Orphans batting - Pitching for Cleveland Spiders : LHP Ed Morris
|
Batting: RHB Nat Hudson
|
0-0: Fly out, F8 (Flyball, 8RS, EV 158 KM/H)
|
Batting: RHB Bill Lange
|
0-0: Ball 1-0: Ball 2-0: Ball 3-0: Foul Ball, location: 5F 3-1: Called Strike 3-2: Base on Balls
|
Batting: RHB Ace Stewart
|
0-0: Ground out 4-3 (Groundball, 4S, EV 109 KM/H) Bill Lange to second
|
Batting: LHB Mike Slattery
|
0-0: Called Strike 0-1: SINGLE (Groundball, 6MD, EV 153 KM/H) Bill Lange to third Runner from 3rd tries for Home, SAFE, throw by CF to home Mike Slattery to second
|
Batting: LHB Charlie Irwin
|
0-0: Swinging Strike 0-1: Ball 1-1: Ball Passed Ball! Mike Slattery to third 2-1: Swinging Strike 2-2: Foul Ball, location: 2F 2-2: Fly out, F6 (Line Drive, 4MD, EV 119 KM/H)
|
Top of the 3rd over - 1 run, 1 hit, 0 errors, 1 left on base; Chicago 1 - Cleveland 3 |
BOTTOM OF THE 3RD |
Cleveland Spiders batting - Pitching for Chicago Orphans : RHP Nat Hudson
|
Batting: LHB Emmet Heidrick
|
0-0: Called Strike 0-1: Foul Ball, location: 2F 0-2: Ball 1-2: Ball 2-2: Strikes out looking
|
Batting: RHB Ed McFarland
|
0-0: Called Strike 0-1: Ground out 4-3 (Groundball, 4, EV 176 KM/H)
|
Batting: LHB Heinie Reitz
|
0-0: Called Strike 0-1: Ground out 2-3 (Groundball, 15S, EV 114 KM/H)
|
Bottom of the 3rd over - 0 runs, 0 hits, 0 errors, 0 left on base; Chicago 1 - Cleveland 3 |
TOP OF THE 4TH |
Chicago Orphans batting - Pitching for Cleveland Spiders : LHP Ed Morris
|
Batting: RHB Jake Stenzel
|
0-0: Foul Ball, location: 5FF 0-1: Ground out 5-3 (Groundball, 56, EV 122 KM/H)
|
Batting: LHB Danny Green
|
0-0: Foul Ball, location: 9LMFF 0-1: Ball 1-1: Ball 2-1: Ball 3-1: Foul Ball, location: 3SF 3-2: Fly out, F8 (Flyball, 8RS, EV 158 KM/H)
|
Batting: RHB Bill Hallman
|
0-0: Called Strike 0-1: Fly out, F8 (Flyball, 8RXD, EV 165 KM/H)
|
Top of the 4th over - 0 runs, 0 hits, 0 errors, 0 left on base; Chicago 1 - Cleveland 3 |
BOTTOM OF THE 4TH |
Cleveland Spiders batting - Pitching for Chicago Orphans : RHP Nat Hudson
|
Batting: RHB Ed McKean
|
0-0: Ball 1-0: Ball 2-0: Ball 3-0: Called Strike 3-1: Reached on error, E5 (Groundball, 15, EV 143 KM/H)
|
Batting: RHB Jason Roger
|
0-0: Ball 1-0: Fielders Choice at 2nd, 6-4 (Groundball, 56, EV 146 KM/H)
|
Batting: SHB Ed Morris
|
0-0: Called Strike 0-1: Reached on error, E3 (Groundball, 3S, EV 70 KM/H) Jason Roger to second
|
Batting: LHB Mike Smith
|
0-0: Ball 1-0: Ball 2-0: Called Strike 2-1: Foul Ball, location: 3SF 2-2: Fly out, F9 (Flyball, 89S, EV 131 KM/H) Lined into DP, 9-6 (Flyball, 89S, EV 131 KM/H)
|
Bottom of the 4th over - 0 runs, 0 hits, 2 errors, 1 left on base; Chicago 1 - Cleveland 3 |
TOP OF THE 5TH |
Chicago Orphans batting - Pitching for Cleveland Spiders : LHP Ed Morris
|
Batting: RHB Bill Dahlen
|
0-0: Ball 1-0: Called Strike 1-1: Swinging Strike 1-2: Ball 2-2: Ground out 1-3 (Groundball, P, EV 109 KM/H)
|
Batting: RHB Nat Hudson
|
0-0: Called Strike 0-1: SINGLE (Groundball, 34D, EV 153 KM/H)
|
Batting: RHB Bill Lange
|
0-0: DOUBLE (Line Drive, 78D, EV 155 KM/H) Nat Hudson to third Runner from 3rd tries for Home, SAFE, throw by LF to trailing runner, SAFE at third!
|
Batting: RHB Ace Stewart
|
0-0: Ball 1-0: Fielders Choice at home, 5-2 (Groundball, 56, EV 138 KM/H)
|
Batting: LHB Mike Slattery
|
0-0: Ball 1-0: Called Strike 1-1: Ball 2-1: Fielders Choice at 2nd, 6-4 (Groundball, 6, EV 127 KM/H)
|
Top of the 5th over - 1 run, 2 hits, 0 errors, 1 left on base; Chicago 2 - Cleveland 3 |
BOTTOM OF THE 5TH |
Cleveland Spiders batting - Pitching for Chicago Orphans : RHP Nat Hudson
|
Batting: SHB Claude Ritchey
|
0-0: Called Strike 0-1: Called Strike 0-2: Ball 1-2: Strikes out swinging
|
Batting: SHB George Davis
|
0-0: Fly out, F3 (Line Drive, 3, EV 103 KM/H)
|
Batting: LHB Emmet Heidrick
|
0-0: Called Strike 0-1: Fly out, F9 (Flyball, 9, EV 140 KM/H)
|
Bottom of the 5th over - 0 runs, 0 hits, 0 errors, 0 left on base; Chicago 2 - Cleveland 3 |
TOP OF THE 6TH |
Chicago Orphans batting - Pitching for Cleveland Spiders : LHP Ed Morris
|
Batting: LHB Charlie Irwin
|
0-0: Ball 1-0: Fly out, F6 (Popup, 6MS, EV 98 KM/H)
|
Batting: RHB Jake Stenzel
|
0-0: Ball 1-0: Ball 2-0: Foul Ball, location: 9LDF 2-1: Ground out 6-3 (Groundball, 6, EV 123 KM/H)
|
Batting: LHB Danny Green
|
0-0: Ball 1-0: Called Strike 1-1: Called Strike 1-2: Ball 2-2: Ball 3-2: Foul Ball, location: 2F 3-2: SINGLE (Groundball, 4MD, EV 158 KM/H)
|
Batting: RHB Bill Hallman
|
0-0: Ground out 6-3 (Groundball, 56, EV 177 KM/H)
|
Top of the 6th over - 0 runs, 1 hit, 0 errors, 1 left on base; Chicago 2 - Cleveland 3 |
BOTTOM OF THE 6TH |
Cleveland Spiders batting - Pitching for Chicago Orphans : RHP Nat Hudson
|
Batting: RHB Ed McFarland
|
0-0: Foul Ball, location: 2F 0-1: Ball 1-1: Ball 2-1: Foul Ball, location: 2F 2-2: Ground out 5-3 (Groundball, 5, EV 169 KM/H)
|
Batting: LHB Heinie Reitz
|
0-0: Called Strike 0-1: Ball 1-1: Ball 2-1: Ball 3-1: Called Strike 3-2: Base on Balls
|
Batting: RHB Ed McKean
|
0-0: Ball 1-0: Ball 2-0: Reached on error, E4 (Groundball, 4M, EV 171 KM/H) Heinie Reitz to second
|
Batting: RHB Jason Roger
|
0-0: Fly out, F9 (Flyball, 89M, EV 155 KM/H)
|
Batting: SHB Ed Morris
|
0-0: Called Strike 0-1: Called Strike 0-2: Foul Ball, location: 3F 0-2: Ball 1-2: Foul Ball, location: 25FF 1-2: Strikes out looking
|
Bottom of the 6th over - 0 runs, 0 hits, 1 error, 2 left on base; Chicago 2 - Cleveland 3 |
TOP OF THE 7TH |
Chicago Orphans batting - Pitching for Cleveland Spiders : LHP Ed Morris
|
Now at 1B: Heinie Reitz
|
|
Now at 2B: Robby Wilson
|
|
Batting: RHB Bill Dahlen
|
0-0: Called Strike 0-1: Called Strike 0-2: Strikes out swinging
|
Batting: RHB Nat Hudson
|
0-0: Ball 1-0: Called Strike 1-1: Ground out U3 (Groundball, 3L, EV 167 KM/H)
|
Batting: RHB Bill Lange
|
0-0: Ball 1-0: Ball 2-0: Ball 3-0: Base on Balls
|
Batting: RHB Ace Stewart
|
0-0: Ball Bill Lange steals 2nd base 1-0: Foul Ball, location: 9LSF 1-1: Swinging Strike 1-2: 2-RUN HOME RUN (Flyball, 89XD, EV 155 KM/H), Distance : 115 mt
|
Batting: LHB Mike Slattery
|
0-0: Ball 1-0: Called Strike 1-1: Foul Ball, location: 5F 1-2: Ground out U3 (Groundball, 3S, EV 133 KM/H)
|
Top of the 7th over - 2 runs, 1 hit, 0 errors, 0 left on base; Chicago 4 - Cleveland 3 |
BOTTOM OF THE 7TH |
Cleveland Spiders batting - Pitching for Chicago Orphans : RHP Nat Hudson
|
Batting: LHB Mike Smith
|
0-0: Ball 1-0: Fly out, F8 (Flyball, 8RXD, EV 143 KM/H)
|
Batting: SHB Claude Ritchey
|
0-0: Called Strike 0-1: Ball 1-1: Called Strike 1-2: DOUBLE (Line Drive, 89D, EV 167 KM/H)
|
Batting: SHB George Davis
|
0-0: Ball 1-0: Ball 2-0: Foul Ball, location: 2F 2-1: Ground out 4-3 (Groundball, 4, EV 147 KM/H) Claude Ritchey to third
|
Batting: LHB Emmet Heidrick
|
0-0: Ball 1-0: Ball 2-0: Called Strike 2-1: Foul Ball, location: 7LDF 2-2: Strikes out swinging
|
Bottom of the 7th over - 0 runs, 1 hit, 0 errors, 1 left on base; Chicago 4 - Cleveland 3 |
TOP OF THE 8TH |
Chicago Orphans batting - Pitching for Cleveland Spiders : LHP Ed Morris
|
Batting: LHB Charlie Irwin
|
0-0: Swinging Strike 0-1: Foul Ball, location: 2F 0-2: Ball 1-2: Ball 2-2: Ball 3-2: Foul Ball, location: 3FF 3-2: Ground out 2-3 (Groundball, 2R, EV 103 KM/H)
|
Batting: RHB Jake Stenzel
|
0-0: Called Strike 0-1: Ball 1-1: Ball 2-1: Ground out 5-3 (Groundball, 56, EV 137 KM/H)
|
Batting: LHB Danny Green
|
0-0: Called Strike 0-1: Swinging Strike 0-2: Ball 1-2: Ball 2-2: Ball 3-2: Fly out, F8 (Line Drive, 8LM, EV 166 KM/H)
|
Top of the 8th over - 0 runs, 0 hits, 0 errors, 0 left on base; Chicago 4 - Cleveland 3 |
BOTTOM OF THE 8TH |
Cleveland Spiders batting - Pitching for Chicago Orphans : RHP Nat Hudson
|
Batting: RHB Ed McFarland
|
0-0: Ball 1-0: Called Strike 1-1: Fly out, F8 (Flyball, 89M, EV 145 KM/H)
|
Batting: LHB Heinie Reitz
|
0-0: Called Strike 0-1: Ground out 4-3 (Groundball, 4, EV 116 KM/H)
|
Pinch Hitting: LHB John Titus
|
0-0: Ball 1-0: DOUBLE (Line Drive, 9LD, EV 162 KM/H)
|
Pinch Hitting: SHB Otis Clymer
|
0-0: Ball 1-0: Ball 2-0: Ground out 4-3 (Groundball, 4, EV 128 KM/H)
|
Bottom of the 8th over - 0 runs, 1 hit, 0 errors, 1 left on base; Chicago 4 - Cleveland 3 |
TOP OF THE 9TH |
Chicago Orphans batting - Pitching for Cleveland Spiders : LHP Ed Morris
|
Now at C: Jack O'Connor
|
|
Now at 2B: Claude Ritchey
|
|
Now at SS: Dave McKeough
|
|
Batting: RHB Bill Hallman
|
0-0: Ball 1-0: Ball 2-0: SINGLE (Groundball, 56D, EV 174 KM/H)
|
Batting: RHB Bill Dahlen
|
0-0: Swinging Strike 0-1: Ball 1-1: Fielders Choice at 2nd, 3-6 (Groundball, 3, EV 137 KM/H)
|
Batting: RHB Nat Hudson
|
0-0: Ball 1-0: Grounds into double play, 6-4-3 (Groundball, 56, EV 135 KM/H)
|
Top of the 9th over - 0 runs, 1 hit, 0 errors, 0 left on base; Chicago 4 - Cleveland 3 |
BOTTOM OF THE 9TH |
Cleveland Spiders batting - Pitching for Chicago Orphans : RHP Nat Hudson
|
Pinch Hitting: RHB Lew Drill
|
0-0: Ball 1-0: Fly out, F7 (Flyball, 7D, EV 165 KM/H)
|
Batting: LHB Mike Smith
|
0-0: Ball 1-0: Called Strike 1-1: Ball 2-1: Fly out, F8 (Flyball, 8RXD, EV 145 KM/H)
|
Batting: SHB Claude Ritchey
|
0-0: Ball 1-0: Ball 2-0: Ground out 1-3 (Groundball, 23, EV 101 KM/H)
|
Bottom of the 9th over - 0 runs, 0 hits, 0 errors, 0 left on base; Chicago 4 - Cleveland 3 |
|